 Dungeon Crawl Stone Soup version 0.19.1 (webtiles) character file.

31 Melicamp the Insei (level 3, -2/26 HPs)
             Began as a Merfolk Transmuter on Dec 2, 2016.
             Slain by an adder (4 damage)
             ... on level 2 of the Dungeon.
             The game lasted 00:06:28 (1389 turns).

Melicamp the Insei (Merfolk Transmuter)             Turns: 1389, Time: 00:06:30

Health: -2/26      AC:  2    Str: 11    XL:     3   Next: 22%
Magic:  5/6        EV: 13    Int: 12    God:
Gold:   67         SH:  0    Dex: 14    Spells: 1 memorised, 5 levels left

rFire  . . .     SeeInvis .       - Unarmed
rCold  . . .     Gourm    .     b - +0 robe
rNeg   . . .     Faith    .     (no shield)
rPois  .         Spirit   .     (no helmet)
rElec  .         Reflect  .     (no cloak)
rCorr  .         Harm     .     (no gloves)
MR     .....                    (no boots)
Stlth  +.........               (no amulet)
                                (no ring)
                                (no ring)

@: lethally poisoned (-2 -> -7), appendage
A: change form in water, swift swim, stealthy swim, horns 2
a: End Transformation


You were on level 2 of the Dungeon.
You were not hungry.
You had grown temporary horns.
You visited 1 branch of the dungeon, and saw 2 of its levels.

You collected 67 gold pieces.

Inventory:

Missiles
 a - 50 arrows (quivered)
Armour
 b - a +0 robe (worn)
Jewellery
 g - an uncursed ring of ice {unknown}
 h - a +2 ring of dexterity {unknown}
Scrolls
 f - a scroll of blinking
Potions
 e - 2 potions of curing
Books
 c - a book of Changes

   Spells                             Type                      Level
   a - Beastly Appendage              Transmutation                1
   b - Sticks to Snakes               Transmutation                2
   c - Spider Form                    Transmutation/Poison         3
   d - Ice Form                       Ice/Transmutation            4
   e - Blade Hands                    Transmutation                5
Comestibles
 d - 4 bread rations
 i - 5 chunks of flesh


   Skills:
 - Level 1.1 Fighting
 - Level 2.6 Dodging
 * Level 4.6 Unarmed Combat
 - Level 2.0 Spellcasting
 - Level 2.6 Transmutations


You had 5 spell levels left.
You knew the following spells:

 Your Spells              Type           Power        Failure   Level  Hunger
a - Beastly Appendage     Tmut           #.....       12%         1    ##.....


Dungeon Overview and Level Annotations

Branches:
Dungeon (2/15)

Altars:
Xom


Innate Abilities, Weirdness & Mutations

You revert to your normal form in water.
You are very nimble and swift while swimming.
You are very stealthy in the water. (Stealth+)
You have a pair of horns on your head.


Message History

Confirm with . or Enter, or press ? or * to list all spells.
You grow a pair of large bovine horns.
The worm bites you!
* * * LOW HITPOINT WARNING * * *
Things that are here:
a club; a stone; a hobgoblin skeleton Your legs become a tail as you enter the water.
You see here a leopard gecko skeleton.
Your transformation is almost over.
Your horns disappear.
An adder comes into view.
The adder barely misses you. The adder bites you.
* * * LOW HITPOINT WARNING * * *
The adder closely misses you.
Casting: Beastly Appendage
Confirm with . or Enter, or press ? or * to list all spells.
You grow a pair of large bovine horns.
The adder bites you.
* * * LOW HITPOINT WARNING * * *
You are lethally poisoned!
The adder poisons you! The adder bites you.
You die...

§.##...# .).÷#w.# ≈.#.##.#
≈≈.###.# # ♣≈####.# .#
^##.##.# ..###########
.##.##.#
#########...#.........#
....##.#
#[..........#.........#
###..#.#
#.....@.....#.........#
##.#.#
#.....S.....#.........'
#...#
#...........#.........#
##..#
#...........#####'#####
#..# #...........##.....#
#..####...........##.....#
##...........)....##.....#
#.####.......(#####.....#
#.# #.#................#


You could see an adder.

Vanquished Creatures
  An ooze (D:1)
  A leopard gecko (D:2)
  3 bats
  3 giant cockroaches
  4 goblins
  3 hobgoblins
  4 kobolds
  3 frilled lizards
22 creatures vanquished.

Notes
Turn   | Place    | Note
-------+----------+-------------------------------------------
     0 | D:1      | Melicamp the Merfolk Transmuter began the quest for the Orb.
     0 | D:1      | Reached XP level 1. HP: 15/15 MP: 3/3
   330 | D:1      | Reached XP level 2. HP: 1/21 MP: 3/5
   737 | D:1      | Reached skill level 4 in Unarmed Combat
  1273 | D:2      | Found a shimmering altar of Xom.
  1277 | D:2      | Found a shimmering altar of Xom.
  1278 | D:2      | Found a shimmering altar of Xom.
  1278 | D:2      | Found a shimmering altar of Xom.
  1280 | D:2      | Reached XP level 3. HP: 25/26 MP: 6/6
  1389 | D:2      | Slain by an adder

Skill      XL: |  1  2 |
---------------+-------+-----
Unarmed Combat | 4 |  4.6
Fighting       | |  1.1
Dodging        | |  2.6
Spellcasting   | |  2.0
Transmutations | |  2.6

Action                   || total
-------------------------++-------
Melee: Unarmed           ||    76
       Punch             ||     2
       Headbutt          ||     3
 Cast: Beastly Appendage ||    14
  Use: Scroll            ||     3
  Eat: Chunk             ||     2
Armor: Robe              ||    18
Dodge: Dodged            ||    47
